 Dungeon Crawl Stone Soup version 0.30-a0-509-gd016549fea (webtiles) character file.

Game seed: 8688630911181813822

815 Borgoz the Trooper (level 7, 0/45 HPs)
             Began as a Gargoyle Berserker on Dec 22, 2022.
             Was a Priest of Trog.
             Slain by an orc
             ... wielding a +0 short sword
              (4 damage)
             ... on level 5 of the Dungeon.
             The game lasted 00:04:55 (4101 turns).

Borgoz the Trooper (Gargoyle Berserker)             Turns: 4101, Time: 00:04:56

Health: 0/45       AC:  2    Str: 28    XL:     7   Next: 94%
Magic:  7/7        EV: 12    Int:  8    God:    Trog [***...]
Gold:   268        SH:  0    Dex: 15    Spells: 6/6 levels left

rFire   . . .      SeeInvis .    b - +2 whip (venom)
rCold   . . .      Faith    .    (no shield)
rNeg    + . .      Spirit   .    p - +2 ring mail {Will+}
rPois   ∞          Reflect  .    (no helmet)
rElec   +          Harm     .    k - +0 cloak
rCorr   .          Rampage  .    (no gloves)
Will    +....                    (no boots)
Stlth   +.........               o - amulet of magic regeneration
HPRegen 0.27/turn                h - +6 ring of dexterity
MPRegen 0.50/turn                i - +6 ring of strength

@: corroded
A: sickness immunity, AC +4, negative energy resistance 1, electricity
resistance, torment resistance 1, petrification resistance
a: Renounce Religion, Berserk, Trog's Hand


You were on level 5 of the Dungeon.
You worshipped Trog.
Trog was most pleased with you.
You visited 1 branch of the dungeon, and saw 5 of its levels.

You collected 268 gold pieces.

Inventory:

Hand Weapons
 a - a +0 mace
 b - a +2 whip of venom (weapon)
Armour
 k - a +0 cloak (worn)
 p - a +2 ring mail of willpower (worn)
Jewellery
 h - a +6 ring of dexterity (left hand)
 i - a +6 ring of strength (right hand)
 o - an amulet of magic regeneration (around neck)
Wands
 d - a wand of mindburst (2)
 f - a wand of paralysis (14)
 n - a wand of iceblast (4)
Scrolls
 l - a scroll of enchant weapon {unknown}
Potions
 c - a potion of might
 e - a potion of attraction {unknown}
 g - 4 potions of curing
 m - a potion of lignification {unknown}
 r - a potion of mutation {unknown}
 s - a potion of heal wounds {unknown}


   Skills:
 + Level 5.6 Fighting
 + Level 5.2 Maces & Flails
 + Level 5.0 Armour
 + Level 3.9 Dodging


You had 6 spell levels left.
You didn't know any spells.
Your spell library was empty.

Dungeon Overview and Level Annotations

Branches:
Dungeon (5/15)             Temple (0/1) D:4

Altars:
Fedhas
Hepliaklqana
Makhleb
Nemelex Xobeh
Qazlal
Ru
Trog
Xom
The Shining One


Innate Abilities, Weirdness & Mutations

You are immune to sickness and miasma.
Your stone body is resilient. (AC +4)
You are immune to poison.
You resist negative energy. (rN+)
You are resistant to electric shocks. (rElec)
You are resistant to unholy torment.
You are immune to petrification.


Message History

You hit the jelly but do no damage. The acid corrodes you!
Your hands burn!
The jelly is heavily wounded.
The jelly barely misses you. The orc hits you with a +0 short sword.
You hit the jelly.
Your hands burn!
The jelly is almost dead.
The jelly closely misses you. The orc closely misses you.
You hit the jelly but do no damage. The acid corrodes you!
Your hands burn!
The jelly is almost dead.
The jelly barely misses you. The orc hits you with a +0 short sword.
You hit the jelly.
Your hands burn!
The jelly is almost dead.
The jelly barely misses you. The orc misses you.
You hit the jelly but do no damage.
Your hands burn!
The jelly is almost dead.
The jelly barely misses you. The orc completely misses you.
You are too injured to fight recklessly!
You are too injured to fight recklessly!
You are too injured to fight recklessly!
You are too injured to fight recklessly!
You are too injured to fight recklessly!
You are too injured to fight recklessly!
You are too injured to fight recklessly!
You are too injured to fight recklessly!
You are too injured to fight recklessly!
You are too injured to fight recklessly!
You are too injured to fight recklessly!
You are too injured to fight recklessly!
You are too injured to fight recklessly!
You are too injured to fight recklessly!
The jelly attacks as you move away! The jelly hits you.
You are splashed with acid!
The orc attacks as you move away! The orc hits you with a +0 short sword.
* * * LOW HITPOINT WARNING * * *
The jelly attacks as you move away! The jelly barely misses you.
The jelly attacks as you move away! The jelly hits you.
* * * LOW HITPOINT WARNING * * *
The acid corrodes you!
You are splashed with acid!
* * * LOW HITPOINT WARNING * * *
The orc hits you with a +0 short sword.
You die...

####........# ###.... ##
### .>..........####.....
... ###
.......<.......#.?..#+#....
#.#
.....#####.....#....#.#....
#.. ######
###.....#........... #.# #
#.......##.......... #.# #
######...######..........
#.#
###........######o..#.#....
#.# .....###........@J[.# #
# #.#
.###.....###....##...>...
#.#
..#.......#..##..###.....
#.#
.....!........##.........#
#.#
...#.....#.....#.........#
#.#
...##...##.....#.........#
#.#
...#.....#.....##..#......
#.#
........†.....####..#.#.
#.# ..#.......#..###.##.#.#
#.#


You could see a jelly (poisoned) and an orc.

Vanquished Creatures
  Eustachio (D:4)
  A black bear (D:4)
  A kobold brigand (D:4)
  A necrophage (D:4)
  4 hounds
  A jelly (D:4)
  2 orc priests (D:3)
  An iguana (D:5)
  Ijyb (D:4)
  4 gnolls (D:3)
  8 adders
  2 dart slugs
  6 orcs
  5 ball pythons
  9 bats
  5 endoplasms
  3 giant cockroaches (D:2)
  11 goblins
  8 hobgoblins
  3 jackals (D:1)
  8 quokkas
  2 frilled lizards (D:1)
  4 kobolds
  5 rats
  A spectral hobgoblin (D:2)
  A toadstool (D:1)
98 creatures vanquished.

Vanquished Creatures (others)
  4 plants (D:3)
  3 toadstools (D:1)
7 creatures vanquished.

Grand Total: 105 creatures vanquished

Notes
Turn   | Place    | Note
-------+----------+-------------------------------------------
     0 | D:1      | Borgoz the Gargoyle Berserker began the quest for the Orb.
     0 | D:1      | Reached XP level 1. HP: 14/14 MP: 1/1
    91 | D:1      | Reached XP level 2. HP: 13/19 MP: 2/2
   386 | D:1      | Reached XP level 3. HP: 23/23 MP: 3/3
   925 | D:2      | Reached ** piety under Trog
  1061 | D:2      | Reached XP level 4. HP: 29/29 MP: 4/4
  1219 | D:2      | Found a faded altar of an unknown god.
  1739 | D:3      | Reached XP level 5. HP: 32/33 MP: 5/5
  1795 | D:3      | Found a burning altar of Makhleb.
  1878 | D:3      | HP: 1/49 [gnoll/+0 whip (7)]
  2606 | D:4      | Reached XP level 6. HP: 39/39 MP: 6/6
  2681 | D:4      | Found a staircase to the Ecumenical Temple.
  2848 | D:4      | Noticed a black bear
  2866 | D:4      | Killed a black bear
  2867 | D:4      | Reached skill level 5 in Fighting
  2867 | D:4      | Reached XP level 7. HP: 29/44 MP: 7/7
  2988 | D:4      | Noticed Eustachio
  3012 | D:4      | Killed Eustachio
  3095 | D:4      | Reached skill level 5 in Maces & Flails
  3226 | D:4      | Noticed Ijyb
  3235 | D:4      | Killed Ijyb
  3238 | D:4      | Reached *** piety under Trog
  3720 | D:5      | Entered Level 5 of the Dungeon
  3792 | D:5      | Found a hazy altar of Hepliaklqana.
  3793 | D:5      | Found a glowing golden altar of the Shining One.
  3795 | D:5      | Found a stormy altar of Qazlal.
  3817 | D:5      | Found a bloodstained altar of Trog.
  3819 | D:5      | Found a sacrificial altar of Ru.
  3819 | D:5      | Found a blossoming altar of Fedhas.
  3821 | D:5      | Found a sparkling altar of Nemelex Xobeh.
  3822 | D:5      | Found a shimmering altar of Xom.
  3956 | D:5      | Reached skill level 5 in Armour
  4101 | D:5      | Slain by an orc

Illustrated notes

Levels and vault maps discovered:
D:1:      ldierk_water_garden, layout_loops_ring, columned_hall_lemuel
D:2:      layout_loops_ring, dreamdust_ecumenical_altar_drowned_temple
D:3:      wad_woods_stonehenge, layout_basic, grunt_decor_cap, dk_noncrumbling_4
D:4:      layout_loops_corners, minmay_temple_entry_waves,
          guppyfry_early_lair_pool, uniq_eustachio, uniq_ijyb
D:5:      nicolae_cairo_tiling_large_dashed, layout_basic, minitemple,
          kennysheep_small_square

Skill      XL: |  1  2  3  4  5  6  7 |
---------------+----------------------+-----
Dodging        | 2 3 |  3.9
Armour         | 3 4 5 |  5.0
Fighting       | 4 5 |  5.6
Maces & Flails | 4 5 |  5.2

Action                   |  1- 3 |  4- 6 |  7- 9 || total
-------------------------+-------+-------+-------++-------
Melee: Mace              |    48 |       |       ||    48
       Whip              |    59 |   132 |    91 ||   282
       Punch             |     1 |     2 |       ||     3
Invok: Berserk           |       |     2 |       ||     2
  Use: Scroll            |       |     5 |     1 ||     6
Armor: Animal skin       |    30 |    22 |       ||    52
       Scale mail        |       |    34 |    19 ||    53
       Ring mail         |       |       |     8 ||     8
Dodge: Dodged            |    78 |    73 |    46 ||   197

Table legend: (Time is in decaauts)
 A = Elapsed time spent in this place.
 B = Non-inter-level travel time spent in this place.
 C = Inter-level travel time spent in this place.
 D = Time resting spent in this place.
 E = Time spent auto-exploring this place.
 F = Levels seen in this place.
 G = Mean time per level.
                   A        B        C        D        E       F      G
               +--------+--------+--------+--------+--------+-----+--------+
         Total |   4098 |   4011 |     87 |    186 |   3151 |   5 |  819.6 |
       Dungeon |   4098 |   4011 |     87 |    186 |   3151 |   5 |  819.6 |
               +--------+--------+--------+--------+--------+-----+--------+

Top non-repeatable levels by time:
     D:4: 1119 daAuts
     D:3: 1024 daAuts
     D:1: 922 daAuts
     D:2: 658 daAuts
     D:5: 373 daAuts
